 Dungeon Crawl Stone Soup version 0.30.1-11-g7821555f0a (webtiles) character file.

Game seed: 13964565759329384610

44 lonewolfV2 the Shield-Bearer (level 3, -1/30 HPs)
             Began as a Formicid Fighter on Dec 8, 2023.
             Slain by a goblin
             ... wielding a +0 club
             ... led by Robin
              (4 damage)
             ... on level 2 of the Dungeon.
             The game lasted 00:01:27 (1015 turns).

lonewolfV2 the Shield-Bearer (Formicid Fighter)     Turns: 1015, Time: 00:01:28

Health: -1/30      AC:  6    Str: 20    XL:     3   Next: 87%
Magic:  3/3        EV:  9    Int:  7    God:
Gold:   52         SH:  5    Dex: 15    Spells: 2/2 levels left

rFire   . . .        a - +0 war axe
rCold   . . .        c - +0 buckler
rNeg    . . .        b - +0 scale mail
rPois   .            (helmet unavailable)
rElec   .            (no cloak)
rCorr   .            (no gloves)
SInv    +            (no boots)
Will    .....        (no amulet) Stlth
                     (no ring)
HPRegen 0.25/turn    (no ring)
MPRegen 0.08/turn

%: no passive effects
@: mighty
A: permanent stasis, dig shafts and tunnels, antennae 3, four strong arms
a: Dig, Shaft Self


You were on level 2 of the Dungeon.
You visited 1 branch of the dungeon, and saw 2 of its levels.

You collected 52 gold pieces.

Inventory:

Hand Weapons
 a - a +0 war axe (weapon)
Armour
 b - a +0 scale mail (worn)
 c - a +0 buckler (worn)
Scrolls
 f - a scroll of immolation {unknown}
 g - a scroll of identify
Potions
 e - a potion of mutation


   Skills:
 + Level 3.9 Fighting
 * Level 3.3 Axes
 - Level 3.2 Armour
 - Level 4.0 Shields


You had 2 spell levels left.
You didn't know any spells.
Your spell library was empty.

Dungeon Overview and Level Annotations

Branches:
Dungeon (2/15)

Altars:

Annotations:
D:2 Robin


Innate Abilities, Weirdness & Mutations

You cannot be hasted, slowed, berserked, paralysed or teleported.
You can dig through walls and to a lower floor.
You have a pair of large antennae on your head. (SInv)
Your four strong arms can wield two-handed weapons with a shield.


Message History

The goblin hits you but does no damage.
You closely miss the goblin. You barely miss the goblin.
A goblin comes into view. It is wielding a +0 club.
The goblin barely misses you. x2
Unknown command.
You hit the goblin.
The goblin is moderately wounded.
You hit the goblin. The goblin hits you with a +0 club.
* * * LOW HITPOINT WARNING * * *
The goblin hits you but does no damage.
A ball python comes into view.
You block the goblin's attack. The goblin misses you.
You feel better.
The ball python hisses angrily.
The goblin hits you but does no damage. The goblin hits you with a +0 club.
You feel very mighty all of a sudden. The goblin hits you but does no damage.
The goblin hits you with a +0 club.
* * * LOW HITPOINT WARNING * * *
You barely miss the goblin.
The goblin is heavily wounded.
You closely miss the goblin.
The goblin hits you but does no damage. x2
You slash the goblin!
You kill the goblin!
You slash the goblin!
You kill the goblin!
Robin throws the goblin at you!
The goblin shoots a sling bullet.
The sling bullet barely misses you.
The sling bullet closely misses the goblin.
The goblin barely misses you. The goblin attacks as you move away!
The goblin closely misses you.
The goblin unwields a +0 sling.
The goblin wields a +0 club.
The goblin barely misses you.
Items here: ))))).
You miss the goblin. You slash the goblin!
You kill the goblin!
The goblin hits you with a +0 club.
* * * LOW HITPOINT WARNING * * *
You miss the goblin. The goblin barely misses you.
The goblin hits you with a +0 club.
You die...

{ #.# #.# #.#
#.#########
#.#
#ggg@))...#
#.#
#...S#######.#
#.# .#. #.#
#.# #.###.####
#........#
#.######.# #.#
#.# #.# #..
..# ##.#


You could see Robin, a hobgoblin (strong), a goblin (strong) and a ball python.

Vanquished Creatures
  A gnoll (D:1)
  3 bats (D:1)
  2 endoplasms (D:1)
  2 giant cockroaches
  9 goblins
  2 hobgoblins
  3 quokkas (D:1)
  3 ball pythons (D:1)
  A frilled lizard (D:1)
  4 kobolds (D:1)
30 creatures vanquished.

Notes
Turn   | Place    | Note
-------+----------+-------------------------------------------
     0 | D:1      | lonewolfV2 the Formicid Fighter began the quest for the
                  | Orb.
     0 | D:1      | Reached XP level 1. HP: 18/18 MP: 1/1
   195 | D:1      | Reached XP level 2. HP: 24/24 MP: 2/2
   450 | D:1      | Reached XP level 3. HP: 19/30 MP: 3/3
   987 | D:2      | Noticed Robin
  1015 | D:2      | Slain by a goblin

Illustrated notes

Levels and vault maps discovered:
D:1:      psy_arrival_radial02, layout_basic, minivault_14,
          serial_park_tiny_pond
D:2:      layout_loops_corners, shapermc_ecumenical_altar_pompeii,
          serial_forest, infiniplex_forest_clump_tiny,
          infiniplex_forest_clump_cross, infiniplex_forest_straight_1,
          infiniplex_forest_lined_1, infiniplex_forest_split,
          infiniplex_forest_clump_long, infiniplex_forest_straight_2,
          nicolae_shop_unique_rings, uniq_terence, uniq_robin

Skill      XL: |  1  2 |
---------------+-------+-----
Axes           | 3 |  3.3
Fighting       | |  3.9
Armour         | |  3.2
Shields        | |  4.0

Action                     || total
---------------------------++-------
  Melee: War axe           ||    76
    Use: Scroll            ||     4
         Potion            ||     2
 Armour: Scale mail        ||    48
  Dodge: Dodged            ||    55
  Block: Buckler           ||    19
